 Dungeon Crawl Stone Soup version 0.22.1-2-g9c5b331 (webtiles) character file.

149 Matador8 the Slasher (level 5, -2/38 HPs)
             Began as a Human Gladiator on Dec 20, 2018.
             Killed from afar by an orc wizard (8 damage)
             ... with a magic dart
             ... on level 2 of the Dungeon.
             The game lasted 00:06:39 (2282 turns).

Matador8 the Slasher (Human Gladiator)              Turns: 2282, Time: 00:06:40

Health: -2/38      AC:  4    Str: 14    XL:     5   Next: 56%
Magic:  5/5        EV: 13    Int:  9    God:
Gold:   76         SH:  0    Dex: 15    Spells: 4/4 levels left

rFire    . . .     SeeInvis .   a - +0 long sword
rCold    . . .     Gourm    .   (no shield)
rNeg     . . .     Faith    .   b - +0 leather armour
rPois    .         Spirit   .   c - +0 helmet
rElec    .         Reflect  .   (no cloak)
rCorr    .         Harm     .   (no gloves)
MR       .....                  (no boots)
Stlth    +.........             (no amulet)
HPRegen  0.12/turn              (no ring)
MPRegen  0.09/turn              (no ring)

@: no status effects
A: no striking features
a: no special abilities


You were on level 2 of the Dungeon.
You were not hungry.

You visited 1 branch of the dungeon, and saw 3 of its levels.

You collected 76 gold pieces.

Inventory:

Hand Weapons
 a - a +0 long sword (weapon)
 i - a +0 hunting sling
Missiles
 d - 3 throwing nets (quivered)
 n - 25 stones
Armour
 b - a +0 leather armour (worn)
 c - a +0 helmet (worn)
Jewellery
 k - an uncursed ring of ice {unknown}
 p - a +5 ring of evasion {unknown}
Scrolls
 g - a scroll of identify {unknown}
 h - 3 scrolls of remove curse {unknown}
 q - a scroll of random uselessness {unknown}
Potions
 e - a potion of lignification {unknown}
 j - 3 potions of heal wounds {unknown}
 l - a potion of resistance {unknown}
 m - 2 potions of brilliance {unknown}
Comestibles
 f - 3 rations
 o - 5 chunks of flesh


   Skills:
 - Level 2.0 Fighting
 * Level 5.1 Long Blades
 + Level 3.4 Throwing
 - Level 3.0 Dodging


You had 4 spell levels left.
You didn't know any spells.
Your spell library was empty.

Dungeon Overview and Level Annotations

Branches:
Dungeon (3/15)

Altars:
Sif Muna


Message History

a scale mail; a hand axe; a whip
Things that are here:
a hand axe of freezing; an orc corpse You butcher the orc corpse.
Things that are here:
a hand axe of freezing; a chunk of flesh The orc wizard closely misses you.
Things that are here:
a scale mail; a hand axe; a whip There isn't anything to butcher here.
You hit the orc wizard.
The orc wizard is almost dead.
The orc wizard misses you.
You barely miss the orc wizard.
The orc wizard is almost dead.
The orc wizard gestures wildly while chanting.
The orc wizard blinks!
The orc wizard gestures at you while chanting.
The magic dart hits you!
You die...

#####################
#.....[..............
#................##..
#..#####.#.#..##.##.#
#.>###.........#.##.#
#..##..#######.#.##.#
#..##..# ### #.......
#.o##..#######.#.##.#
#.)[@....'_'...#.#...
#.(##..###'###.#.#..#
#.....[# #.# #......#
##.##.)###.###...#..#
##....................
#.........#...........
###.#.................
#...................#.
#####.#####.....#...#.


You could see an orc wizard.

Vanquished Creatures
  A hound (D:2)
  2 adders (D:2)
  2 worms (D:2)
  4 dart slugs
  2 leopard geckos
  3 orcs (D:2)
  7 bats
  A giant cockroach (D:1)
  14 goblins
  9 hobgoblins
  3 jackals (D:2)
  4 kobolds
  4 quokkas
  5 ball pythons
  9 frilled lizards
  9 rats
79 creatures vanquished.

Notes
Turn   | Place    | Note
-------+----------+-------------------------------------------
     0 | D:1      | Matador8 the Human Gladiator began the quest for the Orb.
     0 | D:1      | Reached XP level 1. HP: 16/16 MP: 1/1
   105 | D:1      | Reached XP level 2. HP: 17/22 MP: 2/2
   559 | D:1      | Reached XP level 3. HP: 27/27 MP: 3/3
   769 | D:2      | Reached skill level 4 in Long Blades
   789 | D:2      | Reached XP level 4. HP: 15/33 MP: 4/4
   830 | D:2      | Found a deep blue altar of Sif Muna.
  1036 | D:2      | Found a faded altar of an unknown god.
  1206 | D:2      | Reached XP level 5. HP: 38/38 MP: 5/5
  1975 | D:3      | Reached skill level 5 in Long Blades
  2282 | D:2      | Killed from afar by an orc wizard

Skill      XL: |  1  2  3  4  5 |
---------------+----------------+-----
Long Blades    | 4 5 |  5.1
Throwing       | 3 |  3.4
Fighting       | |  2.0
Dodging        | |  3.0

Action                   |  1- 3 |  4- 6 || total
-------------------------+-------+-------++-------
Melee: Long sword        |    85 |   126 ||   211
 Stab: Sleeping          |     1 |     2 ||     3
  Eat: Chunk             |       |     5 ||     5
Armor: Leather armour    |    31 |    29 ||    60
Dodge: Dodged            |    78 |    93 ||   171
       Rpst.: Long sword |    21 |    19 ||    40
